 Dungeon Crawl Stone Soup version 0.32-a0-699-g1ee5eff69a (webtiles) character file.

Game seed: 12301219203869750593

17913 Filo the Cleaver (level 12, -4/169 HPs)
             Began as a Minotaur Berserker on Mar 13, 2024.
             Was a High Priest of Trog.
             Slain by a slime creature (14 damage)
             ... on level 12 of the Dungeon.
             The game lasted 00:25:27 (9925 turns).

Filo the Cleaver (Minotaur Berserker)               Turns: 9925, Time: 00:25:27

Health: -4/169     AC: 26    Str: 27    XL:     12   Next: 23%
Magic:  11/11      EV: 10    Int:  4    God:    Trog [*****.]
Gold:   800        SH:  0    Dex: 10    Spells: 11/11 levels left

rFire   . . .        K - +0 battleaxe
rCold   . . .        (shield currently unavailable)
rNeg    . . .        C - +0 plate armour
rPois   .            (helmet restricted)
rElec   .            w - +0 cloak
rCorr   .            x - +2 pair of gloves
SInv    +            F - +0 pair of boots
Will    .....        G - amulet of regeneration Stlth
                     d - +4 ring of protection
HPRegen 1.28/turn    L - ring of see invisible
MPRegen 0.12/turn

%: no passive effects
@: berserking, very quick
A: horns 2, retaliatory headbutt
a: Renounce Religion, Berserk, Trog's Hand, Brothers in Arms


You were on level 12 of the Dungeon.
You worshipped Trog.
Trog was extremely pleased with you.
You visited 2 branches of the dungeon, and saw 13 of its levels.

You collected 800 gold pieces.

Inventory:

Hand Weapons
 a - a +3 vampiric hand axe
 n - a +2 flail of protection
 r - a +0 war axe
 I - a +0 battleaxe
 K - a +0 battleaxe (weapon)
Missiles
 h - 6 curare-tipped darts
 k - a throwing net (quivered)
 o - 24 poisoned darts
Armour
 c - a scarf of harm
 v - an orb of light
 w - a +0 cloak (worn)
 x - a +2 pair of gloves (worn)
 A - the +1 scale mail "Cogreargh" {rElec rC- rCorr Dex+4}
   (You found it on level 11 of the Dungeon)

   Dex+4:     It affects your dexterity (+4).
   rC-:       It makes you vulnerable to cold.
   rElec:     It insulates you from electricity.
   rCorr:     It protects you from acid and corrosion.
 B - +0 acid dragon scales
 C - a +0 plate armour (worn)
 F - a +0 pair of boots (worn)
 M - the +0 ring mail "Sostreob" {rElec rPois rF+}
   (You found it on level 7 of the Dungeon)

   rF+:       It protects you from fire.
   rElec:     It insulates you from electricity.
   rPois:     It protects you from poison.
 N - a +2 ring mail of cold resistance
Jewellery
 d - a +4 ring of protection (left hand)
 p - a ring of positive energy
 G - an amulet of regeneration (around neck)
 L - a ring of see invisible (right hand)
Wands
 b - a wand of charming (19)
 u - a wand of polymorph (8)
 y - a wand of iceblast (3)
 D - a wand of mindburst (49)
Scrolls
 i - 4 scrolls of revelation
 s - 2 scrolls of fog
 z - 2 scrolls of butterflies
 H - a scroll of fear
 O - a scroll of identify
Potions
 e - a potion of brilliance
 f - 4 potions of curing
 g - a potion of might {unknown}
 j - a potion of haste {unknown}
 l - 4 potions of lignification
 m - a potion of mutation {unknown}
 q - 3 potions of heal wounds
 t - 2 potions of berserk rage
 E - 3 potions of enlightenment
 J - a potion of attraction {unknown}


   Skills:
 + Level 12.6 Fighting
 + Level 12.6 Axes
 + Level 12.3 Armour
 + Level 11.4 Dodging


You had 11 spell levels left.
You didn't know any spells.
Your spell library was empty.

Dungeon Overview and Level Annotations

Branches:
Dungeon (12/15)            Temple (1/1) D:6            Lair (0/5) D:8
    Orc (0/2) D:11

Altars:
Ashenzari
Cheibriados
Dithmenos
Elyvilon
Fedhas
Gozag
Hepliaklqana
Kikubaaqudgha
Makhleb
Nemelex Xobeh
Okawaru
Qazlal
Ru
Sif Muna
Trog
Uskayaw
Vehumet
Wu Jian
Xom
Yredelemnul
Zin
The Shining One
Beogh


Innate Abilities, Weirdness & Mutations

You have a pair of horns on your head.
You reflexively headbutt those who attack you in melee.


Message History

Your deep troll claws the very large slime creature!!
The cyclops hits you.
* * * LOW HITPOINT WARNING * * *
You are too berserk!
You slice the cyclops!!
You kill the cyclops!
Trog accepts your kill.
You slice the large slime creature!!
You kill the large slime creature!
Trog accepts your kill.
You hit the very large slime creature. You slash the slime creature!
Your deep troll bites the very large slime creature!!
Your deep troll claws the very large slime creature!
Your deep troll claws the very large slime creature!!
The slime creature closely misses you.
The very large slime creature hits your deep troll!!
You catch the helpless very large slime creature completely off-guard!
You slash the very large slime creature!
You headbutt the very large slime creature!
The very large slime creature is severely wounded.
You slash the slime creature!
Your deep troll bites the very large slime creature!!
Your deep troll barely misses the very large slime creature.
Your deep troll claws the very large slime creature!
The very large slime creature barely misses you.
The slime creature hits you but does no damage.
You slice the very large slime creature!!
You kill the very large slime creature!
Trog accepts your kill.
You slice the slime creature!!
You kill the slime creature!
Trog accepts your kill.
You barely miss the slime creature.
Your deep troll barely misses the slime creature.
Your deep troll claws the slime creature!!
Your deep troll barely misses the slime creature.
You slice the slime creature!! You headbutt the slime creature!
The slime creature is severely wounded.
The slime creature hits you!
You die...

.. #. # ##. ... ##.
.. .<.. ....##.
..... ....#..##
.J...
.......(##.........
......)@JJ.........
.......)[T........#
......)))).......:#
.................#
.....##..........#.
#.......)..........
#....##)...<.....#
#... ##........(..
##. ###.........


You could see 2 slime creatures and a friendly deep troll (summoned, berserk).

Vanquished Creatures
  Kirke (D:12)
  A two-headed ogre (D:9)
  2 centaur warriors
  A skeletal warrior (D:9)
  2 cyclopes
  A molten gargoyle (D:12)
  A kobold demonologist (D:9)
  An unseen horror (D:8)
  A troll (D:11)
  A hornet (D:9)
  2 shadows
  A wraith (D:11)
  7 slime creatures (D:12)
  3 yaks (D:8)
  5 hogs (D:12)
  4 vampire mosquitoes (D:11)
  4 steam dragons
  An acid dragon (D:10)
  2 water moccasins
  An ice beast (D:5)
  3 orc warriors
  2 sky beasts
  A black bear (D:6)
  10 centaurs
  3 phantoms
  5 kobold brigands
  5 bullfrogs
  4 scorpions
  6 wights (D:7)
  28 killer bees
  3 howler monkeys (D:10)
  An electric eel (D:8)
  2 bombardier beetles
  4 crimson imps (D:11)
  10 orc priests
  3 hounds
  An iguana (D:6)
  16 orc wizards
  Terence (D:2)
  9 gnolls
  6 adders
  A shadow imp (D:6)
  2 white imps (D:6)
  4 ufetubi
  2 dart slugs
  A ribbon worm (D:5)
  54 orcs
  4 ball pythons
  4 endoplasms
  6 giant cockroaches
  14 hobgoblins
  6 jackals
  4 quokkas
  2 bats (D:1)
  6 frilled lizards
  8 goblins
  34 kobolds
  7 rats
324 creatures vanquished.

Vanquished Creatures (collateral kills)
  2 skeletal warriors (D:9)
  2 molten gargoyles (D:12)
  A troll (D:12)
  3 slime creatures (D:12)
  A hog (D:12)
  A wraith (D:12)
10 creatures vanquished.

Vanquished Creatures (others)
  A human (D:12)
1 creature vanquished.

Grand Total: 335 creatures vanquished

Notes
Turn   | Place    | Note
-------+----------+-------------------------------------------
     0 | D:1      | Filo the Minotaur Berserker began the quest for the Orb.
     0 | D:1      | Reached XP level 1. HP: 19/19 MP: 0/0
    83 | D:1      | Found a faded altar of an unknown god.
   389 | D:1      | Reached XP level 2. HP: 27/27 MP: 1/1
   716 | D:2      | Reached ** piety under Trog
   725 | D:2      | Reached XP level 3. HP: 17/33 MP: 2/2
   945 | D:2      | Noticed Terence
   957 | D:2      | Killed Terence
   958 | D:2      | Reached XP level 4. HP: 30/40 MP: 3/3
  1660 | D:3      | Found a faded altar of an unknown god.
  1665 | D:3      | Found a sparkling altar of Nemelex Xobeh.
  1805 | D:3      | Found a roughly hewn altar of Beogh.
  1810 | D:3      | Reached XP level 5. HP: 38/47 MP: 4/4
  2549 | D:4      | Noticed a phantom
  2557 | D:4      | Killed a phantom
  2558 | D:4      | Reached skill level 5 in Axes
  2595 | D:4      | Reached skill level 5 in Fighting
  2597 | D:4      | Reached XP level 6. HP: 37/56 MP: 5/5
  2745 | D:4      | Found a glowing golden altar of the Shining One.
  2976 | D:4      | Reached *** piety under Trog
  3465 | D:5      | Entered Level 5 of the Dungeon
  3488 | D:5      | Reached skill level 5 in Armour
  3488 | D:5      | Reached XP level 7. HP: 54/62 MP: 6/6
  3744 | D:5      | Reached skill level 5 in Dodging
  3903 | D:5      | Found a radiant altar of Vehumet.
  4270 | D:6      | Found a transporter.
  4271 | D:6      | Found a white marble altar of Elyvilon.
  4273 | D:6      | Found a transporter.
  4322 | D:6      | Reached XP level 8. HP: 70/71 MP: 7/7
  4418 | D:6      | Found a staircase to the Ecumenical Temple.
  4460 | Temple   | Entered the Ecumenical Temple
  4507 | D:6      | Reached **** piety under Trog
  5537 | D:7      | Reached XP level 9. HP: 81/81 MP: 8/8
  6040 | D:7      | Identified the +0 ring mail "Sostreob" {rElec rPois rF+}
  6330 | D:8      | Noticed an unseen horror
  6338 | D:8      | Killed an unseen horror
  6411 | D:8      | Found an ancient bone altar of Kikubaaqudgha.
  6433 | D:8      | Reached ***** piety under Trog
  6468 | D:8      | Found an iron altar of Okawaru.
  6522 | D:8      | Reached XP level 10. HP: 81/91 MP: 9/9
  6631 | D:8      | Found a burning altar of Makhleb.
  6725 | D:8      | Found a staircase to the Lair.
  6982 | D:9      | Noticed a two-headed ogre
  6990 | D:9      | Killed a two-headed ogre
  6991 | D:9      | Reached skill level 10 in Fighting
  6991 | D:9      | Reached skill level 10 in Axes
  7025 | D:9      | Found an opulent altar of Gozag.
  7331 | D:9      | Found a stormy altar of Qazlal.
  7331 | D:9      | Noticed a skeletal warrior
  7332 | D:9      | Found a bloodstained altar of Trog.
  7332 | D:9      | Noticed a skeletal warrior
  7332 | D:9      | Noticed a skeletal warrior
  7332 | D:9      | Noticed a skeletal warrior
  7345 | D:9      | Received a gift from Trog
  7360 | D:9      | Reached skill level 10 in Armour
  7725 | D:9      | Killed a skeletal warrior
  7729 | D:9      | HP: 4/94 [skeletal warrior/+0 scimitar (15)]
  7734 | D:9      | HP: 1/94 [skeletal warrior/+0 scimitar (9)]
  7734 | D:9      | Killed a skeletal warrior
  7836 | D:9      | Killed a skeletal warrior
  7837 | D:9      | Reached XP level 11. HP: 45/101 MP: 10/10
  8059 | D:10     | Entered Level 10 of the Dungeon
  8267 | D:10     | Found a shimmering blue altar of Sif Muna.
  8275 | D:10     | Found a snail-covered altar of Cheibriados.
  8719 | D:10     | Found a blossoming altar of Fedhas.
  8822 | D:11     | Identified the +1 scale mail "Cogreargh" {rElec rC- rCorr
                  | Dex+4}
  8828 | D:11     | Noticed a centaur warrior
  8843 | D:11     | Killed a centaur warrior
  8844 | D:11     | Reached skill level 10 in Dodging
  9106 | D:11     | Found a shimmering altar of Xom.
  9468 | D:11     | Found a staircase to the Orcish Mines.
  9891 | D:12     | Noticed a centaur warrior
  9899 | D:12     | Noticed Kirke
  9900 | D:12     | Killed a centaur warrior
  9910 | D:12     | Received a gift from Trog
  9915 | D:12     | Noticed a sphinx
  9917 | D:12     | Killed Kirke
  9918 | D:12     | Reached XP level 12. HP: 32/113 MP: 11/11
  9919 | D:12     | HP: 8/169 [large slime creature (9)]
  9925 | D:12     | Slain by a slime creature

Illustrated notes

Levels and vault maps discovered:
D:1:      kennysheep_arrival_forest, layout_basic,
          ebering_ecumenical_altar_ruins
D:2:      layout_rooms, serial_forest, infiniplex_forest_zigzag_2,
          infiniplex_forest_straight_3, infiniplex_forest_lined_3,
          infiniplex_forest_lined_1, infiniplex_forest_clump_tiny,
          infiniplex_forest_clump_small, infiniplex_forest_corner_1,
          infiniplex_forest_lined_corner, infiniplex_forest_fountain,
          cheibrodos_gnoll_hut, uniq_terence
D:3:      layout_basic, nicolae_overflow_ecumenical_swirl, kennysheep_orc_chapel
D:4:      layout_basic, mainiacjoe_overflow_six_doors_small,
          mainiacjoe_sewer_entry_somewhere_in_here_2
D:5:      layout_cave_pools, mainiacjoe_overflow_alcove_2, serial_park,
          serial_park_fountain, serial_park_tiny_2, serial_park_tiny_2,
          serial_park_tiny_1, minmay_misc_feat_rows
D:6:      layout_basic, elyvilon_altar_4, minmay_temple_entry_hall
D:7:      layout_basic, minmay_fractal_squares_5
D:8:      layout_basic, mainiacjoe_overflow_surrounded_room,
          okawaru_altar_gauntlet_db, makhleb_blood_cavern_becter,
          amcnicky_mini_pool_small
D:9:      layout_loops_ring, mainiacjoe_overflow_boulevard,
          chequers_temple_overflow_statue_of_worship, lightli_orcish_oven
D:10:     layout_gridville, fedhas_altar_4, mainiacjoe_overflow_big_doors,
          serial_glass, glass_columns_a, glass_columns_a, glass_columns_a,
          glass_columns_a, glass_columns_c, glass_columns_a
D:11:     layout_irregular_city, hiddenorc1_lemuel, led_xom_imps
D:12:     layout_cave_pools, minivault_8, uniq_kirke
Temple:   nicolae_temple_ecumenical_triangle

Skill      XL: |  1  2  3  4  5  6  7  8  9 10 11 |
---------------+----------------------------------+-----
Axes           | 4 5 6 8 9 10 12 | 12.6
Fighting       | 4 5 6 7 9 10 12 | 12.6
Armour         | 3 4 5 7 8 10 12 | 12.3
Dodging        | 3 4 5 6 8 9 11 | 11.4

Action                     |  1- 3 |  4- 6 |  7- 9 | 10-12 || total
---------------------------+-------+-------+-------+-------++-------
  Melee: Hand axe          |    83 |    44 |   271 |   161 ||   559
         Headbutt          |     9 |    20 |    54 |    73 ||   156
         War axe           |       |    60 |       |       ||    60
         Battleaxe         |       |       |       |   145 ||   145
 Invoke: Brothers in Arms  |       |       |       |     3 ||     3
         Berserk           |       |       |       |     1 ||     1
         Trog's Hand       |       |       |       |     1 ||     1
    Use: Scroll            |       |     2 |    15 |     5 ||    22
         Potion            |       |       |       |     2 ||     2
   Stab: Distracted        |       |       |       |     1 ||     1
 Armour: Animal skin       |    61 |     1 |       |       ||    62
         Ring mail         |       |    37 |       |       ||    37
         Plate armour      |       |    36 |   302 |   495 ||   833
  Dodge: Dodged            |    49 |    42 |   125 |   245 ||   461

Table legend: (Time is in decaauts)
 A = Elapsed time spent in this place.
 B = Non-inter-level travel time spent in this place.
 C = Inter-level travel time spent in this place.
 D = Time resting spent in this place.
 E = Time spent auto-exploring this place.
 F = Levels seen in this place.
 G = Mean time per level.
                   A        B        C        D        E       F      G
               +--------+--------+--------+--------+--------+-----+--------+
         Total |   9952 |   9506 |    446 |   1317 |   6070 |  13 |  765.5 |
       Dungeon |   9950 |   9504 |    446 |   1317 |   6070 |  12 |  829.2 |
        Temple |      1 |      1 |      0 |      0 |      0 |   1 |    1.0 |
               +--------+--------+--------+--------+--------+-----+--------+

Top non-repeatable levels by time:
     D:6: 1178 daAuts
     D:4: 1124 daAuts
     D:9: 1115 daAuts
    D:11: 1113 daAuts
     D:3: 926 daAuts
     D:7: 837 daAuts
     D:5: 804 daAuts
     D:2: 732 daAuts
     D:1: 718 daAuts
    D:10: 713 daAuts
     D:8: 649 daAuts
    D:12: 35 daAuts
  Temple: 1 daAuts
